Map: Prion Terraces

Players

STARKILLER - Winner!

  • Race: Terran Terran
  • League: Platinum

WildCatBrown

  • Race: Protoss Protoss
  • League: Gold

VOD

Have the link to the VOD?

Description

Time

  • Played on: Jan. 16, 2016, 9:30 a.m.
  • Length: 5:28
Show
View Real Time Build Order
Export as new Build Order

STARKILLER Terran - Winner!

Build Orders: Liberator Opening 

Get SALT Encoding   

  12  0:01  SCV  
  13  0:13  SCV  
  14  0:19  Supply Depot  
  14  0:25  SCV  
  15  0:35  Refinery  
  15  0:41  SCV  
  16  0:47  Barracks  
  16  0:53  SCV  
  17  1:05  SCV, Refinery  
  18  1:17  SCV  
  19  1:29  SCV  
  20  1:41  SCV  
  20  1:44  Barracks Tech Lab  
  21  1:53  Factory  
  22  1:55  Orbital Command  
  21  2:04  Supply Depot  
  21  2:06  Stimpack  
  21  2:12  Marauder  
  23  2:26  SCV  
  23  2:28  Supply Depot  
  24  2:36  Marauder  
  26  2:38  SCV  
  27  2:47  Starport  
  27  2:56  Factory Reactor  
  27  2:57  SCV  
  28  2:59  Marauder  
  30  3:09  SCV  
  30  3:12  Supply Depot, Liberator  
  31  3:21  SCV  
  32  3:32  Marauder  
  32  3:33  SCV  
  32  3:34  Hellion  
  40  3:39  Hellion  
  42  3:45  Supply Depot  
  42  3:48  SCV  
  42  3:55  Marauder  
  45  4:00  Hellion  
  47  4:07  Hellion  
  49  4:12  Medivac  
  49  4:16  Marine  
  52  4:26  SCV  
  52  4:28  Hellion  
  52  4:30  Concussive Shells  
  57  4:38  Hellion  
  57  4:40  SCV  
  57  4:42  Supply Depot  
  58  4:46  Medivac  
  58  4:50  Hellion  
  62  5:04  Hellion, Marauder  
Show
View Real Time Build Order
Export as new Build Order

WildCatBrown Protoss 

Build Orders: 1 Gate Expand, Double Forge 

Get SALT Encoding   

  12  0:01  Probe (Chrono Boost)  
  13  0:11  Probe (Chrono Boost)  
  14  0:21  Pylon  
  14  0:22  Probe (Chrono Boost)  
  15  0:40  Probe (Chrono Boost)  
  16  0:43  Gateway  
  16  0:50  Probe (Chrono Boost)  
  16  0:54  Assimilator  
  17  1:01  Probe (Chrono Boost)  
  18  1:11  Probe (Chrono Boost)  
  19  1:21  Nexus  
  19  1:26  Probe (Chrono Boost)  
  19  1:29  Zealot  
  22  1:36  Probe (Chrono Boost)  
  23  1:44  Cybernetics Core  
  23  1:58  Pylon  
  23  2:10  Assimilator  
  23  2:16  Gateway, Probe (Chrono Boost)  
  24  2:41  Probe (Chrono Boost)  
  24  2:42  Probe (Chrono Boost)  
  26  2:47  Zealot  
  28  2:52  Probe (Chrono Boost)  
  28  3:02  Probe (Chrono Boost)  
  28  3:03  Probe (Chrono Boost)  
  30  3:08  Adept  
  32  3:13  Probe (Chrono Boost)  
  32  3:14  Probe (Chrono Boost)  
  34  3:24  Mothership Core (Chrono Boost)  
  36  3:27  Gateway  
  36  3:28  Warp Gate (Chrono Boost)  
  36  3:30  Probe (Chrono Boost)  
  37  3:40  Probe (Chrono Boost), Assimilator  
  38  3:42  Probe (Chrono Boost)  
  38  3:44  Assimilator  
  39  3:48  Pylon  
  39  3:50  Probe (Chrono Boost)  
  39  3:55  Probe  
  41  4:00  Probe  
  42  4:04  Pylon  
  42  4:07  Probe  
  43  4:14  Gateway  
  43  4:18  Adept x2  
  43  4:19  Probe  
  43  4:21  Probe  
  49  4:26  Adept  
  51  4:39  Forge  
  51  4:41  Forge  
  51  4:44  Gateway  
  51  4:45  Adept x2  
  55  4:49  Probe  
  55  4:50  Probe  
  57  4:53  Adept  
  59  5:00  Probe  
  59  5:02  Pylon  
  59  5:03  Probe  
  59  5:06  Twilight Council  
Tags
 
Add a new tag
Caveats
  • Supply blocks, unpowered buildings, or Contaminate may cause inaccurate times.
  • Supply counts are checked every 10 seconds.